 Dungeon Sprint DCSS version bcrawl-1.17.3 (webtiles) character file.

Game seed: 17444997482684339600

960 esc the Confident (level 7, -17/100 HPs)
             Began as a Demigod Fighter on Oct 25, 2019.
             Demolished by an ice devil (21 damage)
             ... summoned by a kobold demonologist
             ... in the Dungeon (Sprint I: "Red Sonja").
             The game lasted 00:03:49 (1186 turns).

esc the Confident (Demigod Fighter)                 Turns: 1186, Time: 00:03:50

Health: -17/100    AC:  8    Str: 29    XL:     7   Next: 92%
Magic:  16/16      EV:  8    Int: 12    God:    Demigod [**....]
Gold:   225        SH: 15    Dex: 16    Spells: 6/6 levels left

rFire    . . .     SeeInvis .   a - +0 long sword
rCold    . . .     Gourm    .   c - +0 shield
rNeg     . . .     Faith    .   b - +0 scale mail
rPois    .         Spirit   .   (no helmet)
rElec    .         Reflect  .   (no cloak)
rCorr    .         Harm     .   (no gloves)
MR       .....     NoTele   +   (no boots)
Stlth    ..........             (no amulet)
HPRegen  0.26/turn              (no ring)
MPRegen  0.15/turn              (no ring)

@: berserking, very quick
A: high mp 1
a: Temporal Distortion, Growth


You were in the Dungeon.
You worshipped Demigod.
Demigod was pleased with you.
You were not hungry.

You visited 1 branch You collected 405 gold pieces.
You spent 180 gold pieces at shops.

Inventory:

Hand Weapons
 a - a +0 long sword (weapon)
 m - a +1 dagger of chaos
 n - a +0 hunting sling
Missiles
 o - 137 sling bullets
Armour
 b - a +0 scale mail (worn)
 c - a +0 shield (worn)
Wands
 l - a wand of polymorph (19)
 p - a wand of disintegration (8)
Scrolls
 k - a scroll of blinking
 q - a scroll of identify {unknown}
Potions
 d - a potion of might
 e - a potion of curing
 h - a potion of haste
 i - 2 potions of magic
 s - a potion of cancellation


   Skills:
 + Level 7.9 Fighting
 + Level 7.6 Long Blades
 + Level 7.9 Armour
 + Level 7.9 Shields
 + Level 8.5 Invocations


You had 6 spell levels left.
You didn't know any spells.
Your spell library was empty.

Dungeon Overview and Level Annotations

Branches:
Dungeon (1/1)

Shops:
D !


Innate Abilities, Weirdness & Mutations

You have an increased reservoir of magic. (+10% MP)


Message History

You block the kobold demonologist's attack.
The ice devil hits you! The ice devil freezes you!
* * * LOW HITPOINT WARNING * * *
A red film seems to cover your vision as you go berserk!
You feel yourself moving faster!
You feel mighty!
The kobold demonologist closely misses you.
The ice devil hits you.
* * * LOW HITPOINT WARNING * * *
The ice devil freezes you!
* * * LOW HITPOINT WARNING * * *
You miss the kobold demonologist.
The kobold demonologist is lightly wounded.
The kobold demonologist mumbles some strange words.
You slash the kobold demonologist!
The kobold demonologist is moderately wounded.
The ice devil hits you!
* * * LOW HITPOINT WARNING * * *
The ice devil freezes you!!
You die...
Your divinity fades.

######################
.[)..#.)'..#__#45K...#
..#..'..#..'^.'5@#...#
####'#####'#__#### ..+
###..#...#.#### ##
__####..##(#
_____##'#_.+
_.∩...÷..._#
_..__##_.#'#
_____###+#.# ######
###


You could see an ice devil, a kobold demonologist, an iron imp and a white imp.

Vanquished Creatures
  A kobold demonologist (D)
  A slime creature (D)
  A yak (D)
  Sigmund (D)
  A floating eye (D)
  An ogre (D)
  A jelly (D)
  Ijyb (D)
8 creatures vanquished.

Vanquished Creatures (others)
  A gargoyle (D)
1 creature vanquished.

Grand Total: 9 creatures vanquished

Notes
Turn   | Place    | Note
-------+----------+-------------------------------------------
     0 | D        | esc the Demigod Fighter began the quest for the Orb.
     0 | D        | Reached XP level 1. HP: 18/18 MP: 3/3
     1 | D        | Noticed Ijyb
    19 | D        | Killed Ijyb
    19 | D        | Reached XP level 2. HP: 15/27 MP: 4/4
   148 | D        | Noticed an ogre
   157 | D        | Killed an ogre
   157 | D        | Reached XP level 3. HP: 5/35 MP: 5/5
   157 | D        | Reached XP level 4. HP: 6/41 MP: 6/6
   427 | D        | Noticed Sigmund
   436 | D        | Killed Sigmund
   436 | D        | Reached * piety under Demigod
   436 | D        | Reached skill level 5 in Long Blades
   436 | D        | Reached skill level 4 in Invocations
   436 | D        | Reached XP level 5. HP: 15/50 MP: 6/11
   664 | D        | Found an ornate altar of the Wu Jian Council.
   664 | D        | Found a shimmering blue altar of Sif Muna.
   666 | D        | Found a radiant altar of Vehumet.
   669 | D        | Reached XP level 6. HP: 55/57 MP: 12/12
   689 | D        | Killed a gargoyle
   695 | D        | Found Cuwk's Distillery.
   695 | D        | Found an ancient bone altar of Kikubaaqudgha.
   695 | D        | Found a hazy altar of Hepliaklqana.
   695 | D        | Found a stormy altar of Qazlal.
   695 | D        | Found a hide-covered altar of Uskayaw.
   695 | D        | Found a blossoming altar of Fedhas.
   695 | D        | Found a bloodstained altar of Trog.
   695 | D        | Found an iron altar of Okawaru.
   695 | D        | Found a basalt altar of Yredelemnul.
   695 | D        | Found a glowing golden altar of the Shining One.
   695 | D        | Found a snail-covered altar of Cheibriados.
   695 | D        | Found a sacrificial altar of Ru.
   695 | D        | Found a glowing silver altar of Zin.
   695 | D        | Found a shadowy altar of Dithmenos.
   695 | D        | Found a white marble altar of Elyvilon.
   695 | D        | Noticed a yak
   712 | D        | Killed a yak
   712 | D        | Reached skill level 6 in Invocations
   713 | D        | Found an opulent altar of Gozag.
   716 | D        | Found a sparkling altar of Nemelex Xobeh.
   720 | D        | Bought a potion of cancellation for 80 gold pieces
   720 | D        | Bought 2 potions of heal wounds for 100 gold pieces
   878 | D        | Found a viscous altar of Jiyva.
   878 | D        | Found a corrupted altar of Lugonu.
   878 | D        | Noticed a slime creature
   911 | D        | Killed a slime creature
   911 | D        | Reached ** piety under Demigod
   911 | D        | Reached skill level 7 in Invocations
   911 | D        | Reached XP level 7. HP: 37/66 MP: 13/15
   912 | D        | Found a burning altar of Makhleb.
   912 | D        | Found a shimmering altar of Xom.
  1157 | D        | Noticed a kobold demonologist
  1161 | D        | Paralysed by a floating eye for 2 turns
  1167 | D        | Noticed a kobold demonologist
  1172 | D        | Noticed an ice devil
  1181 | D        | Noticed an ice devil
  1181 | D        | Killed a kobold demonologist
  1181 | D        | Reached skill level 8 in Invocations
  1186 | D        | HP: 4/100 [ice devil[a kobold demonologist] (7)]
  1186 | D        | Demolished by an ice devil

Skill      XL: |  1  2  3  4  5  6  7 |
---------------+----------------------+-----
Fighting       | 3 4 6 7 |  7.9
Long Blades    | 3 4 5 6 7 |  7.6
Armour         | 3 4 6 7 |  7.9
Shields        | 3 4 6 7 |  7.9
Invocations    | 4 7 8 |  8.5

Action                   |  1- 3 |  4- 6 |  7- 9 || total
-------------------------+-------+-------+-------++-------
Melee: Long sword        |    18 |    58 |    24 ||   100
       Unarmed           |     5 |       |       ||     5
  Use: Potion            |       |     2 |     2 ||     4
  Eat: Ration            |       |       |     1 ||     1
Armor: Scale mail        |     1 |     4 |     3 ||     8
Dodge: Dodged            |     2 |    12 |     3 ||    17
Block: Shield            |    10 |    23 |    13 ||    46
